Map: Orbital Shipyard

Players

FireCake

  • Race: Zerg Zerg
  • League: Grandmaster

MMA - Winner!

  • Race: Terran Terran

Event: Homestory Cup XII

VOD

Have the link to the VOD?

Description

Time

  • Played on: Dec. 20, 2015, 4:22 p.m.
  • Length: 12:38

All games in this series

Show
View Real Time Build Order
Export as new Build Order

FireCake Zerg 

Build Orders: Pool First 

Get SALT Encoding   

  12  0:00  Drone  
  13  0:09  Drone  
  14  0:17  Overlord  
  14  0:23  Drone, Extractor  
  15  0:36  Drone x2  
  17  0:44  Spawning Pool  
  17  0:47  Drone  
  18  0:57  Drone  
  18  1:05  Extractor  
  17  1:13  Hatchery  
  17  1:16  Drone  
  17  1:19  Drone  
  18  1:30  Queen  
  20  1:33  Zergling x2  
  20  1:38  Drone  
  22  1:48  Overlord  
  22  2:05  Metabolic Boost  
  22  2:06  Drone, Queen  
  25  2:10  Drone  
  26  2:20  Drone  
  27  2:30  Drone  
  26  2:43  Drone x5  
  31  2:45  Lair  
  31  2:51  Drone  
  31  2:52  Drone  
  31  2:58  Overlord  
  33  3:04  Drone  
  34  3:09  Drone  
  35  3:17  Drone x4  
  39  3:23  Drone x4  
  43  3:28  Drone  
  44  3:35  Extractor  
  44  3:37  Extractor  
  42  3:43  Extractor  
  41  3:48  Drone x3  
  41  3:51  Overlord x2  
  43  3:55  Spire  
  43  4:02  Drone  
  43  4:09  Overlord  
  43  4:15  Drone  
  43  4:16  Drone x6  
  50  4:21  Hatchery  
  49  4:25  Overlord  
  49  4:27  Drone  
  49  4:28  Drone x3  
  53  4:40  Roach Warren  
  53  4:44  Queen  
  53  5:02  Overseer  
  52  5:07  Mutalisk  
  52  5:08  Mutalisk x5  
  64  5:15  Overlord  
  64  5:18  Drone x3  
  64  5:19  Drone  
  68  5:24  Evolution Chamber  
  68  5:25  Evolution Chamber  
  66  5:28  Drone  
  66  5:30  Overlord  
  66  5:31  Overlord  
  66  5:32  Overlord  
  66  5:35  Drone x3  
  68  5:40  Drone  
  71  5:44  Overlord  
  71  5:46  Drone  
  72  5:50  Zerg Missile Weapons Level 1  
  72  5:51  Glial Reconstitution, Zerg Ground Armor Level 1  
  72  5:54  Drone x4  
  76  6:01  Drone x5  
  81  6:08  Drone x3  
  84  6:17  Drone x3  
  87  6:19  Extractor  
  87  6:20  Extractor  
  87  6:24  Overlord  
  85  6:28  Roach x2  
  89  6:34  Roach  
  89  6:38  Roach  
  89  6:39  Roach x7  
  107  6:42  Hatchery  
  107  6:44  Pneumatized Carapace  
  104  6:48  Overlord  
  104  6:49  Roach  
  104  6:50  Roach  
  108  6:58  Roach  
  108  6:59  Roach x2  
  114  7:03  Roach  
  114  7:04  Roach  
  118  7:11  Roach  
  118  7:12  Roach x4  
  128  7:16  Overlord x3  
  128  7:34  Drone  
  128  7:36  Roach x7  
  143  7:42  Roach x5  
  143  7:44  Hatchery, Overlord x4  
  150  7:58  Roach  
  150  7:59  Roach  
  154  8:06  Roach x11  
  176  8:14  Roach  
  176  8:17  Overlord x3  
  178  8:36  Ravager  
  178  8:37  Ravager x14  
  178  8:41  Roach x3  
  153  9:04  Roach x7  
  153  9:05  Roach x3  
  140  9:10  Roach x10  
  135  9:20  Roach x5  
  142  9:29  Drone x3  
  140  9:43  Roach  
  140  9:44  Roach x5  
  152  9:53  Zerg Missile Weapons Level 2  
  152  9:54  Extractor x2  
  152  9:58  Overlord  
  150  10:06  Mutalisk x3  
  152  10:21  Infestation Pit  
  145  10:26  Drone x2  
  145  10:27  Drone  
  148  10:30  Roach x12  
  160  10:47  Roach x2  
  160  10:48  Roach x8  
  176  10:54  Roach x3  
  172  11:14  Hive  
  170  11:20  Drone  
  170  11:23  Infestor x4  
  179  11:46  Spore Crawler  
  178  11:47  Overseer  
  177  12:02  Ravager x5  
  177  12:03  Ravager x2  
  182  12:18  Roach  
  182  12:19  Roach x9  
Show
View Real Time Build Order
Export as new Build Order

MMA Terran - Winner!

Build Orders: Reaper Expand, Bio Tank 

Get SALT Encoding   

  12  0:00  SCV  
  13  0:12  SCV  
  14  0:18  Supply Depot  
  14  0:24  SCV  
  15  0:39  SCV  
  15  0:41  Barracks  
  16  0:47  Refinery  
  16  0:51  SCV  
  17  1:03  SCV  
  18  1:16  SCV  
  19  1:28  Orbital Command  
  19  1:29  Reaper  
  20  1:38  Command Center  
  20  1:48  Supply Depot  
  20  1:54  SCV  
  21  2:01  Marine  
  21  2:06  SCV, Factory  
  23  2:11  Refinery  
  23  2:18  SCV  
  24  2:25  Barracks Reactor  
  24  2:30  SCV  
  25  2:42  SCV  
  25  2:51  Orbital Command  
  25  2:52  Starport  
  25  2:54  SCV  
  26  2:59  Factory Tech Lab  
  26  3:01  Marine x2  
  28  3:06  SCV  
  29  3:16  SCV  
  29  3:18  SCV  
  29  3:19  Marine x2  
  33  3:25  Widow Mine  
  33  3:26  Bunker  
  35  3:28  SCV  
  35  3:30  SCV  
  37  3:34  Banshee  
  37  3:41  SCV  
  41  3:43  SCV  
  41  3:46  Barracks Tech Lab  
  42  3:50  Command Center  
  42  3:55  SCV x2, Factory Reactor  
  44  4:05  Barracks, Marine  
  44  4:06  Barracks  
  44  4:07  Stimpack  
  44  4:09  SCV  
  46  4:13  Supply Depot  
  46  4:15  SCV  
  47  4:22  SCV  
  47  4:23  Marine  
  49  4:27  SCV  
  49  4:29  Viking  
  52  4:37  Engineering Bay x2  
  52  4:39  SCV x2  
  52  4:41  Marine  
  55  4:45  Refinery  
  55  4:46  Refinery  
  55  4:51  SCV x2  
  57  4:54  Marine x2  
  57  4:59  Marine  
  60  5:03  SCV x2  
  60  5:04  Marine x2  
  60  5:05  Starport Reactor  
  64  5:07  Terran Infantry Weapons Level 1  
  64  5:09  Terran Infantry Armor Level 1  
  64  5:14  Orbital Command  
  64  5:17  SCV x2  
  64  5:21  Marine x3  
  68  5:23  Marine  
  70  5:29  Supply Depot  
  70  5:32  SCV x2, Missile Turret  
  72  5:40  Supply Depot  
  72  5:41  Missile Turret  
  72  5:46  Orbital Command, Medivac x2  
  76  5:51  Supply Depot  
  76  5:54  Marine x3  
  76  5:55  Marine  
  80  5:57  Marine  
  80  6:02  SCV x2  
  83  6:07  Combat Shields  
  83  6:09  Barracks  
  83  6:12  Barracks  
  83  6:14  SCV x2  
  83  6:16  SCV  
  85  6:21  Marine x4  
  85  6:22  Marine  
  90  6:26  SCV  
  90  6:29  Missile Turret  
  90  6:30  SCV x2  
  93  6:38  SCV  
  93  6:42  SCV x2  
  93  6:43  Marine x4  
  93  6:44  Marine  
  93  6:45  Missile Turret  
  100  6:52  Supply Depot x2  
  100  6:53  Siege Tank  
  103  6:55  Armory  
  103  7:00  Marine  
  98  7:01  Marine x2  
  98  7:02  Barracks Reactor, Marine  
  98  7:05  SCV x2  
  98  7:06  SCV  
  105  7:13  Barracks Reactor  
  105  7:14  Supply Depot x2  
  104  7:17  Marine  
  104  7:18  Medivac, Marine  
  104  7:19  Marine x2  
  104  7:21  SCV x2  
  104  7:22  SCV  
  113  7:27  Refinery  
  111  7:32  Refinery  
  111  7:33  Siege Tank  
  111  7:35  Medivac  
  116  7:40  Marine x6  
  116  7:41  Marine  
  122  7:44  Bunker  
  122  7:46  Bunker  
  122  7:48  Medivac  
  124  7:52  Terran Infantry Weapons Level 2  
  124  7:53  Terran Infantry Armor Level 2  
  124  7:57  SCV x3  
  127  7:59  Supply Depot  
  127  8:05  Supply Depot, Medivac  
  127  8:06  Marine x4, Hellbat  
  127  8:07  Marine x3  
  127  8:08  Marine  
  127  8:09  Marine  
  138  8:18  Medivac  
  139  8:20  Supply Depot  
  139  8:25  Concussive Shells  
  139  8:26  Terran Vehicle Weapons Level 1  
  139  8:30  Factory  
  139  8:36  Marine x8  
  139  8:37  Siege Tank  
  139  8:39  Marauder  
  151  8:53  Marine x2  
  151  8:54  Marine x5  
  158  9:01  Marauder  
  158  9:02  Marine  
  110  9:11  Marine x6  
  110  9:14  Marine  
  105  9:19  SCV x2  
  105  9:20  Marine  
  105  9:21  Factory Tech Lab, Siege Tank  
  105  9:22  Marauder  
  113  9:29  Marine x3  
  116  9:33  Marine x4  
  116  9:34  Medivac x2  
  116  9:37  SCV x3  
  116  9:38  Marine  
  128  9:44  Marauder  
  130  9:47  Marine  
  130  9:49  SCV x2, Siege Tank  
  130  9:50  Command Center  
  134  10:01  Liberator  
  134  10:03  Marine x7  
  134  10:05  Siege Tank, Marauder  
  146  10:15  Marine  
  146  10:21  Siege Tank, Marine x2  
  146  10:26  Marauder  
  152  10:30  Marine x5  
  152  10:33  Marine  
  158  10:37  Siege Tank  
  158  10:39  Marine  
  154  10:48  Marauder  
  154  10:53  Marine x7  
  154  10:57  Marine  
  154  11:06  Medivac x2  
  154  11:09  Marauder  
  160  11:12  Marine x3  
  160  11:14  Marine x2  
  160  11:15  Siege Tank x2, Marine x2  
  173  11:22  SCV x3  
  176  11:31  Marauder  
  178  11:34  SCV x2  
  180  11:45  Sensor Tower  
  180  11:53  Supply Depot x2  
  180  11:57  Marine  
  180  12:07  Barracks  
  180  12:10  Barracks  
  180  12:14  Marine x3  
  180  12:15  Marauder  
  190  12:19  Marine x4  
Tags
 
Add a new tag
Caveats
  • Supply blocks, unpowered buildings, or Contaminate may cause inaccurate times.
  • Supply counts are checked every 10 seconds.